Map: Pillars of Gold LE

Players

Probe - Winner!

  • Race: Protoss Protoss
  • League: Master
  • Spawn Location: 1:00

TeebuL

  • Race: Protoss Protoss
  • Spawn Location: 7:00

Event: DreamHack SC2 Masters 2020 Fall

VOD

Have the link to the VOD?

Description

Time

  • Played on: Aug. 26, 2020, 6 a.m.
  • Length: 9:26

All games in this series

Show
View Real Time Build Order
Export as new Build Order

Probe Protoss - Winner!

Build Orders: Phoenix Opening 

Get SALT Encoding   

  12  0:00  Probe  
  13  0:12  Probe  
  14  0:18  Pylon  
  14  0:24  Probe (Chrono Boost)  
  15  0:37  Probe (Chrono Boost)  
  15  0:39  Gateway  
  16  0:44  Probe (Chrono Boost)  
  16  0:48  Assimilator  
  17  0:51  Probe  
  17  0:56  Assimilator  
  18  1:03  Probe (Chrono Boost)  
  19  1:10  Gateway  
  19  1:13  Probe (Chrono Boost)  
  20  1:19  Probe  
  21  1:26  Cybernetics Core  
  21  1:31  Probe  
  22  1:37  Pylon  
  22  1:44  Pylon  
  22  1:46  Probe  
  23  1:58  Probe  
  24  2:03  Adept x2  
  24  2:06  Warp Gate  
  28  2:14  Probe  
  29  2:23  Pylon  
  29  2:27  Probe  
  30  2:33  Sentry  
  30  2:34  Sentry  
  34  2:39  Probe  
  35  2:50  Shield Battery  
  35  3:00  Sentry  
  35  3:05  Sentry  
  39  3:07  Phoenix  
  39  3:17  Pylon  
  39  3:20  Nexus  
  39  3:24  Shield Battery  
  39  3:32  Twilight Council  
  39  3:42  Probe  
  40  3:49  Pylon  
  40  3:51  Phoenix  
  40  3:56  Stalker x2  
  40  4:02  Probe  
  45  4:11  Blink (Chrono Boost)  
  43  4:19  Probe  
  44  4:27  Stalker  
  44  4:32  Probe (Chrono Boost)  
  44  4:35  Stalker  
  44  4:38  Probe (Chrono Boost)  
  49  4:46  Probe (Chrono Boost)  
  49  4:49  Probe (Chrono Boost)  
  49  4:52  Probe (Chrono Boost)  
  50  4:54  Phoenix  
  50  4:55  Probe (Chrono Boost)  
  52  5:02  Forge  
  52  5:06  Shield Battery  
  54  5:07  Probe (Chrono Boost)  
  54  5:08  Probe (Chrono Boost)  
  52  5:14  Probe (Chrono Boost)  
  52  5:15  Probe (Chrono Boost)  
  52  5:23  Stalker  
  52  5:24  Probe (Chrono Boost)  
  56  5:28  Stalker  
  56  5:33  Probe (Chrono Boost)  
  56  5:34  Probe (Chrono Boost)  
  59  5:38  Protoss Ground Weapons Level 1  
  59  5:39  Probe x2 (Chrono Boost)  
  59  5:42  Assimilator  
  61  5:43  Pylon  
  61  5:52  Probe x2  
  61  5:55  Robotics Facility  
  63  6:04  Probe  
  64  6:12  Gateway  
  64  6:15  Probe  
  64  6:16  Gateway  
  65  6:19  Probe  
  65  6:20  Phoenix  
  65  6:21  Pylon  
  66  6:33  Nexus  
  66  6:35  Pylon  
  66  6:38  Charge (Chrono Boost)  
  65  6:42  Observer (Chrono Boost)  
  66  6:49  Stalker x2  
  70  6:59  Shield Battery  
  70  7:02  Gateway  
  70  7:05  Gateway, Probe x2  
  72  7:14  Warp Prism  
  72  7:19  Gateway  
  72  7:20  Gateway  
  74  7:26  Stalker  
  76  7:39  Pylon  
  76  7:41  Stalker  
  76  7:42  Stalker x2  
  82  7:50  Photon Cannon  
  82  8:01  Stalker x3  
  88  8:25  Zealot x8  
  88  8:50  Zealot x8  
  88  8:51  Observer  
Show
View Real Time Build Order
Export as new Build Order

TeebuL Protoss 

Build Orders: Oracle Opening 

Get SALT Encoding   

  12  0:00  Probe  
  13  0:12  Probe  
  14  0:20  Pylon  
  14  0:25  Probe  
  15  0:38  Probe (Chrono Boost)  
  15  0:40  Gateway  
  16  0:49  Assimilator  
  17  0:50  Probe (Chrono Boost)  
  17  0:55  Probe (Chrono Boost)  
  18  1:01  Assimilator  
  18  1:04  Probe (Chrono Boost)  
  19  1:16  Probe (Chrono Boost)  
  20  1:20  Probe (Chrono Boost)  
  21  1:28  Cybernetics Core  
  21  1:31  Probe  
  22  1:33  Pylon  
  22  1:43  Probe  
  23  1:55  Probe  
  24  2:04  Stalker (Chrono Boost)  
  26  2:11  Stargate  
  26  2:16  Probe  
  26  2:21  Pylon  
  27  2:30  Stalker  
  27  2:32  Warp Gate  
  29  2:49  Probe  
  30  2:57  Oracle (Chrono Boost)  
  32  2:59  Gateway  
  32  3:01  Shield Battery, Probe  
  32  3:02  Shield Battery  
  31  3:24  Shield Battery  
  31  3:28  Nexus  
  31  3:41  Pylon  
  31  3:44  Twilight Council  
  31  3:59  Probe  
  32  4:08  Gateway  
  32  4:12  Probe (Chrono Boost)  
  33  4:23  Adept x2  
  33  4:24  Probe (Chrono Boost)  
  38  4:26  Blink  
  38  4:34  Probe  
  39  4:39  Forge  
  39  4:43  Probe (Chrono Boost)  
  40  4:46  Probe (Chrono Boost)  
  40  4:47  Sentry  
  43  4:58  Probe (Chrono Boost)  
  45  5:00  Probe (Chrono Boost)  
  45  5:03  Probe (Chrono Boost)  
  45  5:06  Probe (Chrono Boost)  
  47  5:13  Probe  
  46  5:17  Protoss Ground Weapons Level 1 (Chrono Boost)  
  46  5:18  Probe  
  46  5:20  Stalker x2  
  49  5:25  Probe  
  50  5:30  Probe  
  50  5:33  Pylon  
  51  5:37  Probe  
  51  5:39  Gateway  
  51  5:40  Assimilator  
  51  5:41  Sentry  
  54  5:48  Robotics Facility  
  54  5:51  Probe x2  
  56  6:03  Probe, Stalker x2  
  61  6:08  Probe  
  61  6:11  Pylon  
  62  6:30  Nexus  
  62  6:33  Probe  
  62  6:34  Probe  
  62  6:39  Observer  
  65  6:42  Stalker  
  65  6:43  Stalker  
  69  6:49  Pylon  
  69  6:55  Gateway x2, Pylon  
  69  7:01  Probe  
  69  7:07  Observer, Probe  
  72  7:12  Stalker x2  
  72  7:13  Stalker x2  
  72  7:14  Probe  
  81  7:21  Probe  
  81  7:22  Shield Battery  
  82  7:30  Probe  
  82  7:39  Probe  
  82  7:42  Dark Shrine  
  83  7:45  Photon Cannon  
  83  7:50  Charge (Chrono Boost), Stalker x2  
  87  7:52  Probe  
  87  7:57  Warp Prism (Chrono Boost)  
  88  7:59  Observer  
  90  8:07  Stalker x3  
  96  8:13  Stalker  
  96  8:17  Shield Battery  
  98  8:23  Stalker  
  98  8:25  Probe  
  89  8:34  Zealot x3  
  89  8:40  Stalker  
  82  8:48  Pylon  
  82  8:49  Pylon  
  79  8:57  Pylon  
  69  9:05  Pylon  
  69  9:06  Pylon  

Tags
 
Add a new tag
Caveats
  • Supply blocks, unpowered buildings, or Contaminate may cause inaccurate times.
  • Supply counts are checked every 10 seconds.